 Dungeon Crawl Stone Soup version 5.1-80-g04056d8 (webtiles) character file.

517 radzia the Cleaver (level 8, -3/54 HPs)
             Began as a Skeleton Skald on Nov 5, 2017.
             Slain by an orc warrior
             ... wielding a +0 scimitar
              (16 damage)
             ... on level 6 of the Dungeon.
             The game lasted 00:07:45 (3427 turns).

radzia the Cleaver (Skeleton Skald)                 Turns: 3427, Time: 00:07:46

Health: -3/54      AC: 15 (14%)Str: 16  XL:     8   Next: 70%
Magic:  7/7        EV: 11    Int: 10    God:
Gold:   287        SH:  1    Dex: 11    Spells: 8/11 levels left

rFire    . . .     SeeInvis .   a - +0 hand axe
rCold    + . .     Faith    .   (no shield)
rNeg     + + +     Spirit   .   x - +2 leather armour {rPois}
rPois    ∞         Reflect  .   f - +2 hat
rElec    .                      w - +0 cloak
rCorr    .                      C - +1 pair of gloves
MR       +....                  i - +0 pair of boots
Stlth    +.........             e - amulet of magic regeneration
Regen    0.2/turn               l - +3 ring of protection
MPRegen  0.5/turn               r - ring of protection from magic

@: about to teleport, corpse armour
A: spooky, fear immunity, bone armour, cold resistance 1, negative energy
resistance 3, torment resistance, unbreathing
a: Stop Singing, End Infusion


You were on level 6 of the Dungeon.
You were not hungry.

You visited 1 branch of the dungeon, and saw 6 of its levels.
You also visited: Ossuary.

You collected 287 gold pieces.

Inventory:

Hand Weapons
 a - a +0 hand axe (weapon)
Missiles
 d - 1366 stones (quivered)
 j - 140 bolts
 k - 281 arrows
 n - 78 tomahawks
 u - 95 poisoned darts
Armour
 f - a +2 hat (worn)
 i - a +0 pair of boots (worn)
 w - a +0 cloak (worn)
 x - a +2 leather armour of poison resistance (worn)
 C - a +1 pair of gloves (worn)
Jewellery
 e - an amulet of magic regeneration (around neck)
 l - a +3 ring of protection (left hand)
 r - a ring of protection from magic (right hand)
 y - an uncursed ring of resist corrosion
Scrolls
 b - 4 scrolls of amnesia
 g - a scroll of blinking
 o - 4 scrolls of teleportation
 q - 4 scrolls of enchant armour
 s - 3 scrolls of magic mapping
 B - a scroll of enchant weapon
Potions
 m - a potion of cancellation
 p - a potion of heal wounds
 t - a potion of magic
 v - a potion of flight
 z - 2 potions of resistance
 A - 2 potions of haste


   Skills:
 + Level 4.4 Fighting
 * Level 9.6 Axes
 - Level 0.8 Armour
 - Level 0.8 Dodging
 - Level 2.0 Spellcasting
 - Level 2.6 Charms


You had 8 spell levels left.
You knew the following spells:

 Your Spells              Type           Power        Failure   Level  Hunger
a - Infusion              Chrm           6 (25)       13%         1    N/A
b - Song of Slaying       Chrm           6 (100)      19%         2    N/A

Dungeon Overview and Level Annotations

Branches:
Dungeon (6/15)

Altars:
Hepliaklqana
Jiyva
Kikubaaqudgha
Okawaru
Qazlal
Sif Muna
Trog
Vehumet
Zin
The Shining One

Shops:
D:4 *


Innate Abilities, Weirdness & Mutations

You are spooky and scary.
You do not feel fear.
You gain temporary bone armour from killing.
You are immune to poison.
Your flesh is cold resistant. (rC+)
You are immune to negative energy. (rN+++)
You are immune to unholy pain and torment.
You can survive without breathing.


Message History

You are too injured to fight recklessly!
You are too injured to fight recklessly!
You are too injured to fight recklessly!
You are too injured to fight recklessly!
You are too injured to fight recklessly!
You are too injured to fight recklessly!
You are too injured to fight recklessly!
You are too injured to fight recklessly!
You are too injured to fight recklessly!
You are too injured to fight recklessly!
Casting: Song of Slaying
Confirm with . or Enter, or press ? or * to list all spells.
Okay, then.
Okay, then.
Found 4 gold pieces.
Found 103 bolts.
As you read the scroll of teleportation, it crumbles to dust.
You feel strangely unstable.
The orc warrior hits you with a +0 scimitar (16)!
You die...

#.#........#
#..........#
##.#.......#
#..#####.##
###.......# _##
#....###### ..##
#.........# ...#
#.#####..#####..
.o._
#...@ooo..####


ooo. #########....####o... $................#.... ##.#####.##.....)'#### ...
#..#####....... ..( . ## ###..... ... ## #..... ... #..... #..... You could see
an orc warrior and 2 orcs.

Vanquished Creatures
  Duvessa (D:4)
  An ice beast (D:6)
  An ogre (D:6)
  2 elf zombies (Ossuary)
  Dowan (D:4)
  A scorpion (D:3)
  2 crimson imps
  Crazy Yiuf (D:4)
  3 orc wizards
  2 quasits
  2 centaur skeletons
  A human zombie (Ossuary)
  2 hounds
  2 worker ants
  2 hound skeletons
  2 hound zombies (Ossuary)
  4 mummies (Ossuary)
  8 adders
  8 gnolls
  2 shadow imps (D:5)
  4 oozes
  2 adder zombies (Ossuary)
  5 dart slugs
  11 orcs
  8 quokkas
  4 giant cockroaches
  A gnoll zombie (Ossuary)
  11 goblins
  6 hobgoblins
  4 jackals
  8 bats
  4 frilled lizards
  A goblin zombie (Ossuary)
  A jackal zombie (Ossuary)
  11 kobolds
  4 rats (D:1)
  4 rat zombies
137 creatures vanquished.

Notes
Turn   | Place    | Note
-------+----------+-------------------------------------------
     0 | D:1      | radzia the Skeleton Skald began the quest for the Orb.
     0 | D:1      | Reached XP level 1. HP: 14/14 MP: 3/3
    63 | D:1      | Reached XP level 2. HP: 18/19 MP: 0/4
   151 | D:1      | Reached skill level 3 in Axes
   291 | D:1      | Reached XP level 3. HP: 24/24 MP: 1/5
   465 | D:2      | Learned a level 2 spell: Song of Slaying
   473 | D:2      | Found a faded altar of an unknown god.
   510 | D:2      | Found a stormy altar of Qazlal.
   546 | D:2      | Found a deep blue altar of Sif Muna.
   600 | D:2      | Reached skill level 4 in Axes
   662 | D:2      | Reached XP level 4. HP: 24/29 MP: 0/2
   889 | D:3      | Reached skill level 5 in Axes
   889 | D:3      | Reached XP level 5. HP: 33/34 MP: 0/3
  1085 | D:3      | Found a glowing golden altar of the Shining One.
  1224 | D:3      | Found an ancient bone altar of Kikubaaqudgha.
  1260 | D:3      | Found a bloodstained altar of Trog.
  1482 | D:4      | Reached skill level 6 in Axes
  1482 | D:4      | Reached XP level 6. HP: 33/39 MP: 2/4
  1562 | D:4      | Found a hazy altar of Hepliaklqana.
  1588 | D:4      | Found Zin's Purification Station.
  1595 | D:4      | Found a glowing silver altar of Zin.
  1629 | D:4      | Reached skill level 7 in Axes
  1812 | D:4      | Noticed Duvessa
  1823 | D:4      | Noticed Dowan
  1835 | D:4      | Killed Duvessa
  1835 | D:4      | Reached XP level 7. HP: 31/45 MP: 2/5
  1837 | D:4      | Killed Dowan
  1965 | D:4      | Found a runed door.
  2109 | D:4      | Noticed Crazy Yiuf
  2117 | D:4      | Killed Crazy Yiuf
  2181 | D:5      | Entered Level 5 of the Dungeon
  2206 | D:5      | Found an iron altar of Okawaru.
  2343 | D:5      | Found a sand-covered staircase.
  2348 | Ossuary  | Entered an ossuary
  2363 | Ossuary  | Reached skill level 8 in Axes
  2377 | Ossuary  | Reached XP level 8. HP: 21/52 MP: 0/6
  2961 | D:5      | Reached skill level 9 in Axes
  3398 | D:6      | Found a viscous altar of Jiyva.
  3399 | D:6      | Found a bloodstained altar of Trog.
  3399 | D:6      | Found a radiant altar of Vehumet.
  3427 | D:6      | Slain by an orc warrior

Skill      XL: |  1  2  3  4  5  6  7  8 |
---------------+-------------------------+-----
Axes           | 3 4 5 6 7 8 9 |  9.6
Fighting       | 2 3 4 |  4.4
Armour         | |  0.8
Dodging        | |  0.8
Spellcasting   | |  2.0
Charms         | |  2.6

Action                   |  1- 3 |  4- 6 |  7- 9 || total
-------------------------+-------+-------+-------++-------
Melee: Hand axe          |    86 |   174 |   213 ||   473
 Cast: Infusion          |     1 |       |       ||     1
       Song of Slaying   |     1 |       |       ||     1
  Use: Scroll            |       |       |     1 ||     1
Armor: Leather armour    |    12 |       |    68 ||    80
       Ring mail         |    36 |    97 |    47 ||   180
Dodge: Dodged            |    60 |    99 |   106 ||   265
Block: Other             |     2 |     5 |    22 ||    29
